 Dungeon Crawl Stone Soup version 0.31-a0-1074-g0b22e4e0f1 (webtiles) character file.

Game seed: 18326849456108103240

77 monsoonserge the Charlatan (level 4, 0/28 HPs)
             Began as an Octopode Artificer on Dec 5, 2023.
             Slain by an orc wizard
             ... wielding a +0 dagger
              (4 damage)
             ... on level 3 of the Dungeon.
             The game lasted 00:03:43 (1487 turns).

monsoonserge the Charlatan (Octopode Artificer)     Turns: 1487, Time: 00:03:44

Health: 0/28       AC:  1    Str: 13    XL:     4   Next: 33%
Magic:  4/4        EV: 13    Int: 13    God:
Gold:   97         SH:  0    Dex: 12    Spells: 3/3 levels left

rFire   . . .        j - +0 long sword
rCold   . . .        (no shield)
rNeg    . . .        (helmet restricted)
rPois   .            (no amulet)
rElec   .            (no ring)
rCorr   .            (no ring)
SInv    .            (no ring)
Will    .....        (no ring)
Stlth   +++          (no ring)
HPRegen 0.24/turn    (no ring)
MPRegen 0.09/turn    (no ring)
                     (no ring)

%: no passive effects
@: no status effects
A: almost no armour, amphibious, 8 rings, camouflage 1, gelatinous body 1,
(nimble swimmer 1), tentacles
a: no special abilities


You were on level 3 of the Dungeon.
You visited 1 branch of the dungeon, and saw 3 of its levels.

You collected 97 gold pieces.

Inventory:

Hand Weapons
 f - a +0 dagger
 j - a +0 long sword (weapon)
Missiles
 i - 6 silver javelins
Armour
 e - a +0 tower shield
Wands
 b - a wand of flame (15) (quivered)
 c - a wand of charming (15)
 d - a wand of iceblast (5)
Scrolls
 a - 9 scrolls of identify {unknown}
 g - a scroll of poison {unknown}
 k - a scroll of immolation {unknown}
 l - a scroll of noise {unknown}
 m - 2 scrolls of fog {unknown}
Potions
 h - a potion of degeneration {unknown}
 n - 2 potions of attraction {unknown}


   Skills:
 - Level 1.0 Fighting
 - Level 1.4 Long Blades
 * Level 0.1 Axes
 - Level 3.0 Dodging
 - Level 2.0 Stealth
 * Level 1.6 Unarmed Combat
 - Level 4.0 Evocations


You had 3 spell levels left.
You didn't know any spells.
Your spell library was empty.

Dungeon Overview and Level Annotations

Branches:
Dungeon (3/15)

Altars:


Innate Abilities, Weirdness & Mutations

You cannot wear most types of armour.
You are amphibious.
You can wear up to eight rings at the same time.
Your skin changes colour to match your surroundings (Stealth+).
Your rubbery body absorbs attacks. (AC +1, EV +1)
((You are camouflaged when in or above water. (Stealth+)))
You have tentacles for arms and can constrict up to eight enemies at once.


Message History

The orc wizard shouts!
An orc comes into view. It is wielding a +2 heavy hand axe.
An orc comes into view. It is wielding a +0 mace.
The orc wizard casts a spell.
The orc wizard flickers and vanishes!
Deactivating autopickup; reactivate with Ctrl-A.
The orc shouts!
You hear an angry hiss.
Found a stone staircase leading up.
You hear a shout! x2; You hear an angry hiss.
You hit the orc but do no damage. Your grab misses the orc.
The orc barely misses you.
You barely miss the orc. You grab the orc. You squeeze the orc!
You kill the orc!
Press: ? - help, v - describe, . - travel, g - get item
Here: an orc, wielding a +0 hand axe
Items here: a +2 heavy hand axe; an orc corpse.
The floor.
Unknown command.
You slash the orc!
You kill the orc!
You miss something. Your squeeze misses something.
Something completely misses you.
You completely miss something. Something hits you.
You barely miss something. Your squeeze misses something.
You hear some strange, mumbled words.
A magic dart appears from out of thin air!
The magic dart hits you. Something barely misses you.
You closely miss something.
An orc comes into view. It is wielding a +0 club.
You hear some strange, mumbled words.
A puff of flame appears from out of thin air!
The puff of flame hits you!
You barely miss something. Something hits you.
You hit something but do no damage. Something completely misses you.
Something hits you.
* * * LOW HITPOINT WARNING * * *
You barely miss something. Something hits you.
* * * LOW HITPOINT WARNING * * *
You closely miss something. You squeeze something! Something hits you.
You die...

##. #.. #.#
#.# #.# #.#
#.# #@# #{#
#
#o####.####
##o..o.o..o<
#.......####
#.#######
#.# #†# #.#


You could see 2 orcs.

Vanquished Creatures
  A hound (D:2)
  2 worms (D:2)
  A dart slug (D:1)
  2 orcs (D:3)
  2 endoplasms (D:2)
  2 giant cockroaches (D:2)
  2 goblins (D:2)
  5 hobgoblins
  3 jackals (D:2)
  2 kobolds (D:2)
  A quokka (D:1)
  A ball python (D:2)
  4 bats
  A quokka skeleton (D:3)
  3 rats (D:1)
32 creatures vanquished.

Notes
Turn   | Place    | Note
-------+----------+-------------------------------------------
     0 | D:1      | monsoonserge the Octopode Artificer began the quest for the
                  | Orb.
     0 | D:1      | Reached XP level 1. HP: 13/13 MP: 1/1
   359 | D:1      | Reached XP level 2. HP: 18/18 MP: 2/2
   961 | D:2      | Reached XP level 3. HP: 11/23 MP: 3/3
  1171 | D:2      | Reached skill level 4 in Evocations
  1173 | D:2      | Reached skill level 1 in Long Blades
  1173 | D:2      | Reached skill level 1 in Unarmed Combat
  1173 | D:2      | Reached XP level 4. HP: 11/28 MP: 4/4
  1487 | D:3      | Slain by an orc wizard

Illustrated notes

Levels and vault maps discovered:
D:1:      shiori_arrival_elements, layout_basic
D:2:      layout_rooms
D:3:      layout_loops_ring, serial_undead, serial_undead_b, serial_undead_a,
          serial_undead_c, serial_undead_e, gup_sewer_entry_bubbles,
          uniq_natasha

Skill      XL: |  1  2  3 |
---------------+----------+-----
Evocations     | 4 |  4.0
Long Blades    | 1 |  1.4
Dodging        | 3 |  3.0
Stealth        | 2 |  2.0
Unarmed Combat | 1 |  1.6
Fighting       | |  1.0
Axes           | |  0.1

Action                     |  1- 3 |  4- 6 || total
---------------------------+-------+-------++-------
  Melee: Dagger            |    22 |       ||    22
         Constrict         |    18 |     3 ||    21
         Club              |     2 |       ||     2
         Tentacles         |    12 |     2 ||    14
         Long sword        |    27 |    17 ||    44
         Punch             |     1 |       ||     1
   Stab: Sleeping          |     4 |     2 ||     6
 Armour: Skin              |    37 |     9 ||    46
  Dodge: Dodged            |    35 |     8 ||    43

Table legend: (Time is in decaauts)
 A = Elapsed time spent in this place.
 B = Non-inter-level travel time spent in this place.
 C = Inter-level travel time spent in this place.
 D = Time resting spent in this place.
 E = Time spent auto-exploring this place.
 F = Levels seen in this place.
 G = Mean time per level.
                   A        B        C        D        E       F      G
               +--------+--------+--------+--------+--------+-----+--------+
         Total |   1502 |   1490 |     12 |     18 |   1007 |   3 |  500.7 |
       Dungeon |   1502 |   1490 |     12 |     18 |   1007 |   3 |  500.7 |
               +--------+--------+--------+--------+--------+-----+--------+

Top non-repeatable levels by time:
     D:1: 765 daAuts
     D:2: 614 daAuts
     D:3: 122 daAuts
